 Dungeon Crawl Stone Soup version 0.30-a0-718-geaa24f58ff (webtiles) character file.

Game seed: 10108243056438223366

1023 ASSMAN the Covert (level 8, -15/44 HPs)
             Began as a Kobold Brigand on Jan 25, 2023.
             Demolished by a two-headed ogre
             ... wielding a +0 giant club
              (17 damage)
             ... on level 6 of the Dungeon.
             The game lasted 00:07:05 (5225 turns).

ASSMAN the Covert (Kobold Brigand)                  Turns: 5225, Time: 00:07:06

Health: -15/44     AC: 11    Str: 19    XL:     8   Next: 46%
Magic:  2/2        EV: 12    Int: 15    God:
Gold:   311        SH:  6    Dex: 18    Spells: 7/7 levels left

rFire   + . .      SeeInvis .    p - +7 spear "Qeolue" {antimagic, Will+ Str+10}
rCold   + . .      Faith    .    v - +2 buckler {reflect}
rNeg    + . .      Spirit   .    n - +3 ring mail {rN+}
rPois   .          Reflect  +    x - +0 helmet {Int+3}
rElec   .          Harm     .    E - +1 cloak {Stlth+}
rCorr   .          Rampage  .    (no gloves)
Will    +....                    (no boots)
Stlth   +++++++                  D - amulet of the acrobat
HPRegen 0.27/turn                l - ring of protection from cold
MPRegen 0.08/turn                F - ring of protection from fire

@: no status effects
A: small, no large weapons, nightstalker 3
a: no special abilities


You were on level 6 of the Dungeon.
You visited 1 branch of the dungeon, and saw 6 of its levels.

You collected 311 gold pieces.

Inventory:

Hand Weapons
 a - a +2 dagger
 p - the +7 spear "Qeolue" (weapon) {antimagic, Will+ Str+10}
   (You found it on level 2 of the Dungeon)

   Str:       It affects your strength (+10).
   Will:      It increases your willpower.
 w - a +2 dagger of draining
 B - a +0 sling of freezing
Missiles
 d - 9 poisoned darts
 e - 3 curare-tipped darts (quivered)
 g - 4 atropa-tipped darts
Armour
 c - a +0 cloak
 n - a +3 ring mail of positive energy (worn)
 v - a +2 buckler of reflection (worn)
 x - a +0 helmet of intelligence (worn)
 E - a +1 cloak of stealth (worn)
 J - the +0 buckler "Nam Jeic" {Drain +Blink Dex+7}
   (You found it on level 5 of the Dungeon)

   Dex:       It affects your dexterity (+7).
   +Blink:    It lets you blink.
   Drain:     It drains your maximum health when unequipped.
Jewellery
 l - a ring of protection from cold (left hand)
 r - an amulet of faith
 D - an amulet of the acrobat (around neck)
 F - a ring of protection from fire (right hand)
Wands
 m - a wand of polymorph (7)
 L - a wand of roots (6)
Scrolls
 b - 2 scrolls of poison {unknown}
 h - 2 scrolls of enchant weapon {unknown}
 j - 9 scrolls of identify {unknown}
 k - a scroll of enchant armour {unknown}
 q - 2 scrolls of amnesia {unknown}
 s - 2 scrolls of noise {unknown}
 t - 2 scrolls of teleportation {unknown}
 y - a scroll of silence {unknown}
 C - a scroll of butterflies {unknown}
 G - a scroll of fear {unknown}
 I - a scroll of acquirement {unknown}
 K - a scroll of vulnerability {unknown}
Potions
 f - 4 potions of curing {unknown}
 i - a potion of might {unknown}
 o - 2 potions of flight {unknown}
 u - 2 potions of attraction {unknown}
 z - a potion of cancellation {unknown}
 A - a potion of mutation {unknown}
 H - a potion of magic {unknown}
 M - a potion of brilliance {unknown}
 N - a potion of heal wounds {unknown}


   Skills:
 - Level 2.1 Fighting
 - Level 2.6 Short Blades
 + Level 1.0 Polearms
 - Level 6.0 Throwing
 - Level 1.2 Dodging
 - Level 12.0 Stealth


You had 7 spell levels left.
You didn't know any spells.
Your spell library contained the following spells:

 Spells                   Type           Power      Damage    Failure   Level
 Gell's Gravitas          Tloc           0%         N/A       92%         3
 Inner Flame              Hex/Fire       0%         N/A       92%         3
 Teleport Other           Tloc           0%         N/A       92%         3
 Cause Fear               Hex            0%         N/A       100%        4
 Manifold Assault         Tloc           0%         N/A       100%        4
 Dispersal                Tloc           0%         N/A       100%        6
 Discord                  Hex            0%         N/A       100%        8
 Disjunction              Tloc           0%         N/A       100%        8


Dungeon Overview and Level Annotations

Branches:
Dungeon (6/15)             Temple (0/1) D:6

Altars:
Ashenzari
Hepliaklqana
Kikubaaqudgha
Vehumet

Shops:
D:5 (


Innate Abilities, Weirdness & Mutations

You are small and have problems with some larger weapons.
You are completely attuned to the shadows.


Message History

The jelly is severely wounded.
You block the jelly's attack.
You barely miss the jelly.
The jelly is severely wounded.
The jelly jiggles.
The jelly misses you.
You puncture the jelly!
You kill the jelly!
Your Polearms skill increases to level 1!
No target in view!
Found an escape hatch in the floor.
There is an escape hatch in the floor here.
N - an emerald potion No target in view!
Found a faded altar of an unknown god.
No target in view!
No target in view!
No target in view!
A two-headed ogre comes into view.
It is wielding a +0 giant club and a +0 giant spiked club.
There is a faded altar of an unknown god here.
You see here the Hermit's Pendant {Faith Invo=14 Evo=0 MP+5}.
You reach to attack!
The helpless two-headed ogre fails to defend itself.
You puncture the two-headed ogre!
The two-headed ogre is moderately wounded.
You closely miss the two-headed ogre.
The two-headed ogre is moderately wounded.
The two-headed ogre closely misses you. The two-headed ogre misses you.
You puncture the two-headed ogre!
The two-headed ogre is moderately wounded.
The two-headed ogre hits you with a +0 giant club!!
The two-headed ogre hits you with a +0 giant spiked club!!
* * * LOW HITPOINT WARNING * * *
You are too injured to fight recklessly!
You are too injured to fight recklessly!
Okay, then.
Okay, then.
The two-headed ogre attacks as you move away!
The two-headed ogre hits you with a +0 giant club!
You die...

#...##.###..###
#.............####
#...##.####.#....##
######.####...##..>
#.....###..####
######.##...##.####
##...##.####......#
#..O..#.# ####.#.##
#..@..#.# #.#..#
##...##.## #..#..
#8.8##..# ##.###
###.###.## #.# #.8#
#..# #.### ##.##
##.# #...# #..##
#.# ###.# #.#.# #.#
#.# ##.## #.# #.#


You could see a two-headed ogre.

Vanquished Creatures
  2 phantoms (D:5)
  A bullfrog (D:6)
  A scorpion (D:6)
  2 howler monkeys
  2 jellies (D:6)
  Crazy Yiuf (D:3)
  2 orc priests (D:5)
  5 hounds
  Terence (D:2)
  3 iguanas
  An orc wizard (D:5)
  Robin (D:3)
  5 gnolls
  6 adders
  2 worms (D:2)
  3 dart slugs
  11 orcs
  5 bats
  4 endoplasms
  3 giant cockroaches
  17 goblins
  9 hobgoblins
  15 jackals
  3 quokkas
  5 ball pythons
  A frilled lizard (D:1)
  5 kobolds
  12 rats
128 creatures vanquished.

Notes
Turn   | Place    | Note
-------+----------+-------------------------------------------
     0 | D:1      | ASSMAN the Kobold Brigand began the quest for the Orb.
     0 | D:1      | Reached XP level 1. HP: 12/12 MP: 1/1
   139 | D:1      | Reached XP level 2. HP: 17/17 MP: 2/2
   397 | D:1      | Reached skill level 6 in Stealth
   397 | D:1      | Reached XP level 3. HP: 21/21 MP: 3/3
  1434 | D:2      | Noticed Terence
  1443 | D:2      | Killed Terence
  1444 | D:2      | Reached XP level 4. HP: 26/26 MP: 4/4
  1762 | D:2      | Identified the +7 spear "Qeolue" {antimagic, Will+ Str+10}
  1870 | D:2      | Reached XP level 5. HP: 30/30 MP: 1/5
  1875 | D:2      | Reached skill level 7 in Stealth
  2060 | D:3      | Noticed Robin
  2171 | D:3      | Killed Robin
  2430 | D:3      | Found a runed translucent door.
  2438 | D:3      | Noticed Crazy Yiuf
  2446 | D:3      | Killed Crazy Yiuf
  2633 | D:3      | Reached XP level 6. HP: 29/29 MP: 2/6
  2878 | D:4      | Found a radiant altar of Vehumet.
  2887 | D:4      | Reached skill level 8 in Stealth
  2890 | D:4      | Found a hazy altar of Hepliaklqana.
  2928 | D:4      | Reached skill level 5 in Throwing
  3145 | D:4      | Found an ancient bone altar of Kikubaaqudgha.
  3361 | D:4      | Reached XP level 7. HP: 40/40 MP: 2/7
  3650 | D:5      | Entered Level 5 of the Dungeon
  3683 | D:5      | Found a broken altar of Ashenzari.
  3701 | D:5      | Reached skill level 9 in Stealth
  3861 | D:5      | Found Cihecirgh's Weapon Boutique.
  3980 | D:5      | Reached skill level 10 in Stealth
  4360 | D:5      | Reached XP level 8. HP: 27/44 MP: 2/8
  4362 | D:5      | Identified the +0 buckler "Nam Jeic" {Drain +Blink Dex+7}
  4760 | D:6      | Reached skill level 11 in Stealth
  4880 | D:6      | Found a staircase to the Ecumenical Temple.
  5108 | D:6      | Reached skill level 12 in Stealth
  5170 | D:6      | Reached skill level 1 in Polearms
  5218 | D:6      | Found a faded altar of an unknown god.
  5218 | D:6      | Found the Hermit's Pendant {Faith Invo=14 Evo=0 MP+5}
  5219 | D:6      | Noticed a two-headed ogre
  5224 | D:6      | HP: 2/44 [two-headed ogre/+0 giant club (21)]
  5225 | D:6      | Demolished by a two-headed ogre

Illustrated notes

Levels and vault maps discovered:
D:1:      dpeg_arrival_prison, layout_basic, kennysheep_small_spiral,
          minmay_tetromino_l2
D:2:      layout_basic, minmay_randomly_rotated_circles, uniq_terence
D:3:      layout_rooms, uniq_crazy_yiuf_cottage, uniq_robin
D:4:      layout_basic, grunt_temple_overflow_open, corexii_leaking_fountain,
          cheibrodos_gnoll_hut
D:5:      layout_loops_ring, mainiacjoe_overflow_paths, serial_shops,
          nicolae_square_shop
D:6:      layout_rooms, minmay_temple_entry_statues_pillars,
          hellmonk_guarded_unrand_hermit

Skill      XL: |  1  2  3  4  5  6  7  8 |
---------------+-------------------------+-----
Throwing       | 3 4 5 6 |  6.0
Stealth        | 6 7 8 10 12 | 12.0
Polearms       | 1 |  1.0
Fighting       | |  2.1
Short Blades   | |  2.6
Dodging        | |  1.2

Action                     |  1- 3 |  4- 6 |  7- 9 || total
---------------------------+-------+-------+-------++-------
  Melee: Dagger            |    88 |     8 |       ||    96
         Spear             |       |   152 |   122 ||   274
         Punch             |       |     1 |       ||     1
  Throw: Dart              |     2 |       |       ||     2
   Stab: Sleeping          |    16 |    22 |    13 ||    51
         Distracted        |       |     3 |       ||     3
 Armour: Robe              |    20 |       |       ||    20
         Ring mail         |       |    44 |    26 ||    70
  Dodge: Dodged            |   101 |    67 |    49 ||   217
  Block: Buckler           |       |    36 |    26 ||    62
         Reflection        |       |     4 |       ||     4

Table legend: (Time is in decaauts)
 A = Elapsed time spent in this place.
 B = Non-inter-level travel time spent in this place.
 C = Inter-level travel time spent in this place.
 D = Time resting spent in this place.
 E = Time spent auto-exploring this place.
 F = Levels seen in this place.
 G = Mean time per level.
                   A        B        C        D        E       F      G
               +--------+--------+--------+--------+--------+-----+--------+
         Total |   5256 |   5123 |    133 |    280 |   3993 |   6 |  876.0 |
       Dungeon |   5256 |   5123 |    133 |    280 |   3993 |   6 |  876.0 |
               +--------+--------+--------+--------+--------+-----+--------+

Top non-repeatable levels by time:
     D:1: 1093 daAuts
     D:5: 1072 daAuts
     D:2: 1047 daAuts
     D:4: 783 daAuts
     D:3: 738 daAuts
     D:6: 521 daAuts
